 Dungeon Crawl Stone Soup version 0.28.0-53-g5a82cb258f (webtiles) character file.

Game seed: 11959638060650824552

100 LynnLen the Sneak (level 4, 0/30 HPs)
             Began as a Vampire Enchanter on Aug 1, 2022.
             Succumbed to an adder's poison
             ... on level 2 of the Dungeon.
             The game lasted 00:07:31 (1354 turns).

LynnLen the Sneak (Vampire Enchanter)               Turns: 1354, Time: 00:07:32

Health: 0/30       AC:  3    Str:  7    XL:     4   Next: 47%
Magic:  6/7        EV: 12    Int: 17    God:
Gold:   40         SH:  0    Dex: 16    Spells: 1/7 levels left

rFire   . . .      SeeInvis +   a - +1 dagger
rCold   . . .      Faith    .   (no shield)
rNeg    . . .      Spirit   .   e - +0 leather armour
rPois   .          Reflect  .   (no helmet)
rElec   .          Harm     .   (no cloak)
rCorr   .          Rampage  .   (no gloves)
Will    .....                   (no boots)
Stlth   +++.......              (no amulet)
HPRegen 0.30/turn               (no ring)
MPRegen 0.10/turn               (no ring)

@: lethally poisoned (0 -> -10), healing quickly
A: alive, fangs 3, see invisible, vampiric 2
a: Exsanguinate


You were on level 2 of the Dungeon.
You visited 1 branch of the dungeon, and saw 2 of its levels.

You collected 40 gold pieces.

Inventory:

Hand Weapons
 a - a +1 dagger (weapon)
 c - a +1 whip of electrocution
Missiles
 d - 55 stones (quivered)
Armour
 e - a +0 leather armour (worn)
Potions
 b - a potion of degeneration {unknown}
 g - 2 potions of invisibility


   Skills:
 * Level 2.6 Short Blades
 * Level 3.7 Dodging
 + Level 5.8 Stealth
 - Level 2.0 Spellcasting
 - Level 4.4 Hexes


You had one spell level left.
You knew the following spells:

 Your Spells              Type           Power      Damage    Failure   Level
a - Confusing Touch       Hex            16%        N/A       14%         3
b - Tukima's Dance        Hex            16%        N/A       14%         3

Your spell library contained the following spells:

 Spells                   Type           Power      Damage    Failure   Level
 Ensorcelled Hibernation  Hex/Ice        18%        N/A       19%         2
 Dazzling Flash           Conj/Hex       18%        N/A       34%         3


Dungeon Overview and Level Annotations

Branches:
Dungeon (2/15)

Altars:


Innate Abilities, Weirdness & Mutations

Your natural rate of healing is accelerated.
You have razor-sharp teeth.
You have supernaturally acute eyesight. (SInv)
You are afflicted with vampirism and can become a bat while bloodless.


Message History

You barely miss the adder.
The adder is heavily wounded.
You feel sick.
You feel sick.
You feel sick.
You feel sick.
You are no longer poisoned.
The adder bites you.
You are poisoned.
The adder poisons you!
Found an escape hatch in the ceiling.
You feel sick.
You feel sick. The adder bites you but does no damage.
The adder closely misses you.
You hit the adder.
The adder is severely wounded.
You feel sick.
You feel sick.
You feel sick.
The adder seems less confused.
The adder bites you.
* * * LOW HITPOINT WARNING * * *
You are more poisoned.
The adder poisons you!
You hit the adder.
The adder is severely wounded.
* * * LOW HITPOINT WARNING * * *
You feel sick. The adder misses you.
You hit the adder. Your bite misses the adder.
The adder is severely wounded.
* * * LOW HITPOINT WARNING * * *
You feel sick. The adder closely misses you.
You hit the adder but do no damage.
The adder is severely wounded.
* * * LOW HITPOINT WARNING * * *
You feel sick. The adder bites you but does no damage. The adder bites you.
* * * LOW HITPOINT WARNING * * *
You are more poisoned.
The adder poisons you!
Unknown command.
You hit the adder.
You kill the adder!
You die...

#.####.# #.#....#
#########.#.####
............####..#
...####............
#.#.......... #
#.########...
##.####.### ..
......†@..#
.....##.#.######<
.................
.....##.#.###.###
.... #.#.# ###
#.#.###.# #........
#######.#


There were no monsters in sight!

Vanquished Creatures
  An orc priest (D:2)
  An orc wizard (D:2)
  2 adders (D:2)
  A dart slug (D:1)
  An orc (D:2)
  4 bats
  2 endoplasms (D:1)
  7 giant cockroaches
  3 goblins
  A hobgoblin (D:1)
  A kobold (D:1)
  2 quokkas
  3 ball pythons (D:1)
  4 frilled lizards
  4 rats (D:1)
37 creatures vanquished.

Vanquished Creatures (others)
  A fungus (D:1)
1 creature vanquished.

Grand Total: 38 creatures vanquished

Notes
Turn   | Place    | Note
-------+----------+-------------------------------------------
     0 | D:1      | LynnLen the Vampire Enchanter began the quest for the Orb.
     0 | D:1      | Reached XP level 1. HP: 13/13 MP: 3/3
   155 | D:1      | Reached XP level 2. HP: 19/19 MP: 5/5
   222 | D:1      | Found a faded altar of an unknown god.
   434 | D:1      | Reached skill level 5 in Stealth
   924 | D:1      | Gained mutation: You are afflicted with vampirism and can
                  | become a bat while bloodless. [Vampire growth]
   924 | D:1      | Reached XP level 3. HP: 22/24 MP: 6/6
   928 | D:1      | Learned a level 3 spell: Confusing Touch
   932 | D:1      | Learned a level 3 spell: Tukima's Dance
  1192 | D:2      | Reached XP level 4. HP: 28/30 MP: 7/7
  1353 | D:2      | HP: 1/30 [adder (3)]
  1354 | D:2      | Succumbed to an adder's poison

Illustrated notes

Levels and vault maps discovered:
D:1:      dpeg_arrival_prison, layout_rooms, shapermc_ecumenical_altar_ellora,
          hangedman_decor_opposing, hangedman_decor_riveting
D:2:      layout_loops_ring, basic_altar

Skill      XL: |  1  2  3 |
---------------+----------+-----
Stealth        | 5 |  5.8
Dodging        | 3 |  3.7
Short Blades   | 2 |  2.6
Spellcasting   | |  2.0
Hexes          | |  4.4

Action                   |  1- 3 |  4- 6 || total
-------------------------+-------+-------++-------
Melee: Dagger            |   117 |    11 ||   128
       Bite              |     5 |     2 ||     7
       Punch             |     1 |       ||     1
       Whip              |     7 |    16 ||    23
Throw: Stone             |     3 |       ||     3
 Cast: Confusing Touch   |     1 |     1 ||     2
  Use: Potion            |     1 |     1 ||     2
       Scroll            |     2 |       ||     2
 Stab: Sleeping          |     8 |       ||     8
       Invisible         |     2 |       ||     2
       Distracted        |     1 |       ||     1
       Confused          |     1 |       ||     1
Armor: Robe              |    11 |       ||    11
       Leather armour    |    17 |     7 ||    24
Dodge: Dodged            |    69 |    13 ||    82
